 Dungeon Crawl Stone Soup version 0.20.1-1-g8b1a95d (webtiles) character file.

61 Lanoc the Chiller (level 3, -5/24 HPs)
             Began as a Demonspawn Ice Elementalist on Nov 26, 2017.
             Slain by Sigmund
             ... wielding a +0 scythe
              (14 damage)
             ... on level 3 of the Dungeon.
             The game lasted 00:05:51 (1274 turns).

Lanoc the Chiller (Demonspawn Ice Elementalist)     Turns: 1274, Time: 00:05:51

Health: -5/24      AC:  2    Str:  8    XL:     3   Next: 83%
Magic:  7/7        EV: 12    Int: 17    God:
Gold:   80         SH:  0    Dex: 15    Spells: 4/7 levels left

rFire    . . .     SeeInvis .   p - +0 falchion
rCold    . . .     Gourm    .   (no shield)
rNeg     . . .     Faith    .   a - +0 robe
rPois    .         Spirit   .   (no helmet)
rElec    .         Reflect  .   (no cloak)
rCorr    .         Harm     .   (no gloves)
MR       .....                  (no boots)
Stlth    ++........             (no amulet)
Regen    0.1/turn               (no ring)
MPRegen  0.1/turn               (no ring)

@: no status effects
A: talons 1, thin skeletal structure 1
a: no special abilities


You were on level 3 of the Dungeon.
You were not hungry.

You visited 1 branch of the dungeon, and saw 3 of its levels.

You collected 80 gold pieces.

Inventory:

Hand Weapons
 p - a +0 falchion (weapon)
Armour
 a - a +0 robe (worn)
Scrolls
 f - a scroll of amnesia {unknown}
 i - a scroll of fear {unknown}
 j - a scroll of identify {unknown}
 l - 2 scrolls of teleportation {unknown}
 m - a scroll of enchant armour {unknown}
 n - a scroll of fog {unknown}
Potions
 e - a potion of degeneration {unknown}
 h - a potion of flight {unknown}
 k - a potion of mutation {unknown}
Books
 b - a book of Frost

   Spells                             Type                      Level
   a - Freeze                         Ice                          1
   b - Throw Frost                    Conjuration/Ice              2
   c - Ozocubu's Armour               Charms/Ice                   3
   d - Throw Icicle                   Conjuration/Ice              4
   e - Summon Ice Beast               Ice/Summoning                4
Comestibles
 c - 5 bread rations
 d - a royal jelly
 g - 3 meat rations
 o - 2 chunks of flesh


   Skills:
 + Level 1.9 Dodging
 + Level 1.9 Stealth
 + Level 0.3 Unarmed Combat
 + Level 2.9 Spellcasting
 + Level 1.0 Conjurations
 + Level 3.5 Ice Magic


You had 4 spell levels left.
You knew the following spells:

 Your Spells              Type           Power        Failure   Level  Hunger
a - Freeze                Ice            ##..         4%          1    None
b - Throw Frost           Conj/Ice       ##....       11%         2    ##.....


Dungeon Overview and Level Annotations

Branches:
Dungeon (2/15)

Altars:
Uskayaw
The Shining One

Annotations:
D:3 Sigmund


Innate Abilities, Weirdness & Mutations

You have sharp toenails.
You have a somewhat thin skeletal structure. (Dex +2, Stealth)


Message History

The leopard gecko hisses angrily.
Found a glowing dagger.
An orc comes into view. It is wielding a flail of crushing.
A bat comes into view.
Sigmund drinks a potion.
Sigmund suddenly seems more agile.
The leopard gecko hisses menacingly.
Sigmund gestures wildly while chanting.
Sigmund flickers and vanishes!
Deactivating autopickup; reactivate with Ctrl-A.
Something hits you! The leopard gecko barely misses you.
You riposte.
You closely miss the leopard gecko. You barely miss the leopard gecko.
Your kick misses the leopard gecko. The leopard gecko barely misses you.
You hit the leopard gecko but do no damage.
Your kick misses the leopard gecko. The leopard gecko closely misses you.
Something hits you! The leopard gecko misses you. The leopard gecko bites you.
You miss the leopard gecko. Something hits you!
Ouch! That really hurt!
You die...

##########
#.@.......
#l#########.
#.#.........#
#l#.#######.#
#######.#.........#
........###....###
###............####
#................
#............####


You could see a leopard gecko and a frilled lizard.

Vanquished Creatures
  Terence (D:2)
  An adder (D:2)
  A worm (D:2)
  A dart slug (D:1)
  A leopard gecko (D:1)
  A giant cockroach (D:1)
  2 hobgoblins (D:1)
  2 jackals (D:1)
  A kobold (D:2)
  A ball python (D:2)
  3 bats (D:1)
  2 frilled lizards (D:2)
  3 goblins (D:1)
  2 rats
22 creatures vanquished.

Notes
Turn   | Place    | Note
-------+----------+-------------------------------------------
     0 | D:1      | Lanoc the Demonspawn Ice Elementalist began the quest for the Orb.
     0 | D:1      | Reached XP level 1. HP: 13/13 MP: 3/3
   241 | D:1      | Reached skill level 3 in Ice Magic
   311 | D:1      | Gained mutation: You have sharp toenails. [demonic ancestry]
   311 | D:1      | Reached XP level 2. HP: 19/19 MP: 1/5
   315 | D:1      | Learned a level 2 spell: Throw Frost
   672 | D:2      | Found a glowing golden altar of the Shining One.
   763 | D:2      | Found a hide-covered altar of Uskayaw.
   768 | D:2      | Gained mutation: You have a somewhat thin skeletal structure. (Dex +2, Stealth) [demonic ancestry]
   768 | D:2      | Reached XP level 3. HP: 16/24 MP: 2/7
  1028 | D:2      | Noticed Terence
  1037 | D:2      | Killed Terence
  1256 | D:2      | You fall through a shaft!
  1261 | D:3      | Noticed Sigmund
  1274 | D:3      | Slain by Sigmund

Skill      XL: |  1 |
---------------+----+-----
Ice Magic      | 3 |  3.5
Dodging        | |  1.9
Stealth        | |  1.9
Unarmed Combat | |  0.3
Spellcasting   | |  2.9
Conjurations   | |  1.0

Action                   || total
-------------------------++-------
Melee: Unarmed           ||     6
       Kick              ||     2
       Falchion          ||     3
 Cast: Freeze            ||    39
       Throw Frost       ||     9
  Eat: Chunk             ||     2
Armor: Robe              ||     7
Dodge: Dodged            ||    13
       Rpst.: Falchion   ||     1
